 Dungeon Crawl Stone Soup version 0.29.1-12-g30fa7ad0bf (webtiles) character file.

Game seed: 13628883939315150620

6487 ChrisAssaf the Thaumaturge (level 11, -3/81 HPs)
             Began as a Meteoran Fire Elementalist on Dec 21, 2022.
             Was a Plaything of Xom.
             Slain by a yak (13 damage)
             ... on level 9 of the Dungeon.
             The game lasted 00:51:30 (5560 turns).

ChrisAssaf the Thaumaturge (MeFE)                   Turns: 5560, Time: 00:51:31

Health: -3/81      AC:  3    Str: 12    XL:     11   Next: 42%
Magic:  10/25      EV: 20    Int: 25    God:    Xom [.....*]
Gold:   176        SH:  0    Dex: 22    Spells: 10/29 levels left

rFire   . . .      SeeInvis .   s - +4 spear "Teutaf" {freeze, Dex+7 Stlth+}
rCold   . . .      Faith    .   j - orb {light}
rNeg    . . .      Spirit   .   b - +1 robe {Archmagi}
rPois   .          Reflect  .   (no helmet)
rElec   .          Harm     .   (no cloak)
rCorr   .          Rampage  .   (no gloves)
Will    +....      Archmagi +   (no boots)
Stlth   ++........              m - amulet of regeneration
HPRegen 1.03/turn               n - +6 ring of intelligence
MPRegen 0.19/turn               x - +4 ring of evasion

@: brilliant, hasted, glowing, very quick
A: sense surroundings 2, otherworldly, glowing, explore regen, mutation
resistance 1
a: Renounce Religion


You were on level 9 of the Dungeon.
You worshipped Xom.
You were Xom's teddy bear.
You visited 1 branch of the dungeon, and saw 9 of its levels.
You also visited: Sewer and Ossuary.

You collected 441 gold pieces.
You spent 265 gold pieces at shops.

Inventory:

Hand Weapons
 s - the +4 spear "Teutaf" (weapon) {freeze, Dex+7 Stlth+}
   (You found it on level 5 of the Dungeon)

   It freezes those it strikes, dealing additional cold damage.
   It can also slow down cold-blooded creatures.
   Dex:       It affects your dexterity (+7).
   Stlth:     It makes you more stealthy.
Missiles
 h - 3 javelins
 l - 3 poisoned darts (quivered)
 w - 4 boomerangs
Armour
 a - a +1 robe
 b - a +1 robe of the Archmagi (worn)
 j - an orb of light (worn)
Jewellery
 c - a ring of flight
 m - an amulet of regeneration (around neck)
 n - a +6 ring of intelligence (left hand)
 r - a ring of ice
 x - a +4 ring of evasion (right hand)
 y - a +6 ring of dexterity
Wands
 t - a wand of roots (6)
 J - a wand of mindburst (3)
Scrolls
 B - 3 scrolls of silence
 D - 3 scrolls of teleportation
 E - a scroll of torment
 F - a scroll of enchant armour
 G - 2 scrolls of fog
 H - a scroll of amnesia {unknown}
 I - a scroll of noise {unknown}
Potions
 d - 2 potions of mutation {unknown}
 e - 2 potions of curing
 f - a potion of invisibility {unknown}
 g - 2 potions of resistance
 i - a potion of flight {unknown}
 k - 2 potions of ambrosia {unknown}
 o - 4 potions of heal wounds
 p - 2 potions of might {unknown}
 v - 2 potions of brilliance {unknown}
 z - a potion of magic
 A - 2 potions of cancellation {unknown}
 C - a potion of attraction {unknown}
Miscellaneous
 q - a piece from Xom's chessboard (6/15)


   Skills:
 * Level 2.9 Fighting
 * Level 3.9 Polearms
 * Level 4.7 Throwing
 * Level 4.6 Armour
 * Level 5.3 Dodging
 * Level 4.0 Stealth
 * Level 9.6 Spellcasting
 * Level 5.2 Conjurations
 * Level 4.3 Hexes
 * Level 3.4 Translocations
 * Level 8.4 Fire Magic
 * Level 3.1 Air Magic
 * Level 2.7 Poison Magic
 * Level 4.5 Evocations


You had 10 spell levels left.
You knew the following spells:

 Your Spells              Type           Power      Damage    Failure   Level
a - Foxfire               Conj/Fire      100%       2x1d9     1%          1
b - Scorch                Fire           100%       2d10      1%          2
c - Inner Flame           Hex/Fire       78%        N/A       1%          3
d - Tukima's Dance        Hex            66%        N/A       2%          3
e - Flame Wave            Conj/Fire      81%        2d18      3%          4
f - Portal Projectile     Hex/Tloc       100%       N/A       3%          3
g - Mephitic Cloud        Conj/Pois/Air  62%        N/A       3%          3

Your spell library contained the following spells:

 Spells                   Type           Power      Damage    Failure   Level
 Magic Dart               Conj           100%       1d8       1%          1
 Conjure Flame            Conj/Fire      81%        6-21      1%          3
 Gell's Gravitas          Tloc           60%        N/A       3%          3
 Lesser Beckoning         Tloc           60%        N/A       3%          3
 Teleport Other           Tloc           60%        N/A       3%          3
 Call Imp                 Summ           27%        N/A       8%          2
 Blade Hands              Tmut           13%        N/A       80%         5


Dungeon Overview and Level Annotations

Branches:
Dungeon (9/15) Zot: 541    Temple (0/1) D:7           Sewer (visited)
Ossuary (visited)
   Lair: D:8-11         Orc: D:9-12

Altars:
Ashenzari
Elyvilon
Kikubaaqudgha
Okawaru
Sif Muna
Xom
Yredelemnul
Zin

Shops:
D:1 ?   D:2 :   D:4 [   D:6 !


Innate Abilities, Weirdness & Mutations

You passively map the area around you.
You are easily found by Zot.
You glow in the dark.
You regain HP and MP as you explore.
You are somewhat resistant to further mutation.


Message History

The yak gores your +0 short sword.
The yak misses you.
The yak completely misses your +0 short sword.
The orc warrior closely misses you.
Aiming: Fastroot
Press: ? - help, Shift-Dir - straight line, f/p - orc warrior
Aim: an orc warrior, wearing a +0 chain mail (moderately wounded, ally target, haloed)
The roots erupt in riotous growth!
Roots grab the orc warrior.
Your +0 short sword is unaffected.
Roots grab the yak. x3
The grasping roots constrict the orc warrior.
The grasping roots constrict the yak.
The grasping roots constrict the yak!
The grasping roots constrict the yak.
You hear a shout!
Your +0 short sword hits the orc warrior.
The yak gores your +0 short sword.
The yak struggles to escape constriction.
The yak gores your +0 short sword.
Your +0 short sword falls from the air.
The yak escapes!
The orc warrior hits you.
The grasping roots constrict the orc warrior.
The grasping roots constrict the yak!
The grasping roots constrict the yak.
The yak is no longer more vulnerable to fire.
The howler monkey hoots and howls with incredible vigour!
The yak escapes!
The yak gores you! The yak misses you. The orc warrior barely misses you.
You hear a shout! x2; You hear an angry buzzing noise.
The grasping roots constrict the orc warrior.
The grasping roots constrict the yak!
The roots release their grip on the orc warrior.
The roots release their grip on the yak.
The yak attacks as you move away! The yak gores you!
* * * LOW HITPOINT WARNING * * *
The yak is no longer more vulnerable to fire.
The yak gores you!
* * * LOW HITPOINT WARNING * * *
Your magical contamination has completely faded away.
You feel yourself speed up. The yak gores you!
You die...
Xom thinks this is hilarious!

, , , * , * , , , , , ,
......#, * , , .. , ***
'......# *,, ,, .. , ,
.....###* * * #.* *
.####.....#### #.### ,
,,.............# ,, #....
,,.........Y...#* ,,, #....
,, #....YYY..#* , , #.... ^,,
*#..).hoY@.## , *#....
,.......##.....###########'##
.......##.)))....)).........
,,
....h......).)...##)........
,
............))...##.........
.........##......##...####..
,......... #......##...####.(
,
............................
,, ..,.....###############


You could see 5 yaks, an orc warrior and a howler monkey.

Vanquished Creatures
  A two-headed ogre (D:8)
  Pikel (D:6)
  Joseph (D:7)
  An unseen horror (D:7)
  A meliai (D:7)
  Prince Ribbit (D:6)
  2 wyverns
  A human (D:7)
  3 steam dragons
  A warg (D:9)
  2 water moccasins (D:7)
  2 ice beasts
  2 orc warriors
  A black bear (D:4)
  A centaur (D:6)
  A lemure (D:6)
  2 phantoms (D:6)
  A kobold brigand (D:5)
  3 necrophages
  A gnoll sergeant (D:5)
  2 bullfrogs (D:7)
  3 scorpions (D:4)
  5 wights
  6 killer bees (D:8)
  A howler monkey (D:7)
  5 centaur zombies (Ossuary)
  A bullfrog zombie (Ossuary)
  2 hounds
  9 jellies
  7 orc priests
  3 iguanas
  2 scorpion zombies (Ossuary)
  A human skeleton (D:7)
  8 orc wizards
  3 ogre zombies (Ossuary)
  6 adders
  2 river rats (Sewer)
  3 gnolls (D:5)
  3 white imps
  An ufetubus (D:4)
  3 adder zombies (Ossuary)
  4 worms
  3 dart slugs
  35 orcs
  5 bats
  18 endoplasms
  8 giant cockroaches
  4 gnoll zombies (Ossuary)
  10 goblins
  4 hobgoblins
  2 jackals (D:4)
  A quokka (D:1)
  8 ball pythons
  5 frilled lizards
  4 goblin zombies (Ossuary)
  3 hobgoblin zombies (Ossuary)
  9 kobolds
  2 orc zombies (Ossuary)
  A quokka zombie (D:7)
  12 rats
  A rat zombie (D:7)
244 creatures vanquished.

Vanquished Creatures (collateral kills)
  Edmund (D:6)
  An endoplasm (D:3)
2 creatures vanquished.

Vanquished Creatures (others)
  3 dancing weapons
  An orc wizard (D:3)
  An adder (D:4)
  2 orcs
  A butterfly (D:3)
  79 foxfires
  23 plants (D:5)
110 creatures vanquished.

Grand Total: 356 creatures vanquished

Notes
Turn   | Place    | Note
-------+----------+-------------------------------------------
     0 | D:1      | ChrisAssaf the Meteoran Fire Elementalist began the quest
                  | for the Orb.
     0 | D:1      | Reached XP level 1. HP: 14/14 MP: 5/5
    82 | D:1      | Reached XP level 2. HP: 4/20 MP: 3/6
    85 | D:1      | Learned a level 2 spell: Scorch
   146 | D:1      | Found Emmyimy's Magic Scroll Emporium.
   222 | D:1      | Reached skill level 3 in Spellcasting
   409 | D:1      | Reached XP level 3. HP: 26/26 MP: 5/8
   413 | D:1      | Learned a level 3 spell: Inner Flame
   422 | D:1      | Found a faded altar of an unknown god.
   459 | D:1      | Prayed at the altar of an unknown god.
   459 | D:1      | Became a worshipper of Xom of Chaos
   530 | D:2      | Found Vel Qotaju's Vocational Training.
   979 | D:2      | XOM: silly message
  1070 | D:1      | XOM: silly message
  1097 | D:1      | Glimpsed the power of Zot.
  1156 | D:3      | Found an ancient bone altar of Kikubaaqudgha.
  1201 | D:3      | Reached XP level 4. HP: 27/33 MP: 0/9
  1223 | D:3      | Learned a level 3 spell: Tukima's Dance
  1310 | D:3      | Reached skill level 1 in Armour
  1312 | D:3      | Found an iron altar of Okawaru.
  1405 | D:3      | Reached XP level 5. HP: 21/38 MP: 0/11
  1406 | D:3      | Reached skill level 1 in Evocations
  1479 | D:3      | XOM: summons 2 hostile demons
  1499 | D:3      | Found a shimmering blue altar of Sif Muna.
  1538 | D:3      | Found a white marble altar of Elyvilon.
  1693 | D:3      | Glimpsed the power of Zot.
  1719 | D:3      | Reached skill level 4 in Spellcasting
  1743 | D:3      | Glimpsed the power of Zot.
  1804 | D:4      | XOM: noise
  1810 | D:4      | Reached skill level 1 in Throwing
  1810 | D:4      | Reached skill level 1 in Hexes
  1810 | D:4      | Reached XP level 6. HP: 38/45 MP: 4/13
  1810 | D:4      | XOM: polymorph hound -> adder
  1819 | D:4      | Reached skill level 5 in Fire Magic
  1829 | D:4      | Noticed a black bear
  1841 | D:4      | XOM: destruction
  1846 | D:4      | Killed a black bear
  1847 | D:4      | Reached XP level 7. HP: 44/50 MP: 5/15
  1869 | D:4      | XOM: smoke on damage
  1887 | D:4      | Reached skill level 5 in Spellcasting
  2012 | D:4      | XOM: fake destruction
  2048 | D:4      | Learned a level 4 spell: Flame Wave
  2216 | D:4      | Found a broken altar of Ashenzari.
  2216 | D:4      | Found a glowing silver altar of Zin.
  2250 | D:4      | Found Moxieloq's Antique Armour Shop.
  2271 | D:4      | Bought an embroidered robe for 111 gold pieces
  2292 | D:4      | Glimpsed the power of Zot.
  2295 | D:4      | XOM: draining
  2316 | D:4      | XOM: confuse monster(s)
  2326 | D:4      | Reached XP level 8. HP: 49/52 MP: 16/16
  2343 | D:4      | Glimpsed the power of Zot.
  2383 | D:5      | Entered Level 5 of the Dungeon
  2427 | D:5      | XOM: smoke on damage
  2431 | D:5      | XOM: potion effect (haste)
  2480 | D:5      | XOM: cloud trail
  2515 | D:5      | Found a glowing drain.
  2515 | D:5      | XOM: 1-stop teleportation journey
  2528 | Sewer    | Entered a sewer
  2719 | Sewer    | Found a shimmering altar of Xom.
  2788 | Sewer    | Learned a level 3 spell: Portal Projectile
  2857 | D:5      | Reached skill level 6 in Spellcasting
  2883 | D:5      | XOM: god gift: piece from Xom's chessboard (15/15)
  2951 | D:5      | XOM: polymorph centaur -> jelly
  3052 | D:5      | XOM: 9-stop teleportation journey
  3096 | D:5      | Reached skill level 7 in Spellcasting
  3110 | D:5      | XOM: god gift: 48 gold pieces
  3207 | D:5      | Glimpsed the power of Zot.
  3224 | D:5      | Identified the +4 spear "Teutaf" {freeze, Dex+7 Stlth+}
  3258 | D:5      | Glimpsed the power of Zot.
  3290 | D:6      | Noticed Pikel
  3298 | D:6      | Killed Pikel
  3299 | D:6      | Reached skill level 1 in Fighting
  3299 | D:6      | Reached skill level 1 in Polearms
  3299 | D:6      | Reached skill level 1 in Translocations
  3299 | D:6      | Gained mutation: You passively map the area around you.
                  | [Meteoran growth]
  3299 | D:6      | Reached XP level 9. HP: 57/64 MP: 13/21
  3457 | D:6      | XOM: 1-stop teleportation journey
  3467 | D:6      | Noticed Edmund
  3472 | D:6      | Killed Edmund
  3473 | D:6      | Reached skill level 8 in Spellcasting
  3491 | D:6      | XOM: noise
  3503 | D:6      | XOM: divination: detect items
  3595 | D:6      | Found Xisk's Distillery.
  3612 | D:6      | Bought 2 potions of curing for 84 gold pieces
  3612 | D:6      | Bought a potion of heal wounds for 70 gold pieces
  3663 | D:6      | Noticed Prince Ribbit
  3684 | D:6      | Killed Prince Ribbit
  3705 | D:6      | Learned a level 3 spell: Mephitic Cloud
  3808 | D:6      | Glimpsed the power of Zot.
  3868 | D:7      | Found a runed translucent door.
  3871 | D:7      | Found a sand-covered staircase.
  3886 | Ossuary  | Entered an ossuary
  3895 | Ossuary  | XOM: potion effect (brilliance)
  3936 | Ossuary  | XOM: enchant monster (bad)
  4099 | Ossuary  | XOM: potion effect (haste)
  4105 | Ossuary  | Reached XP level 10. HP: 64/72 MP: 13/23
  4198 | Ossuary  | Noticed a silent spectre
  4279 | D:7      | Reached skill level 1 in Air Magic
  4288 | D:7      | Reached skill level 1 in Poison Magic
  4324 | D:7      | Found a basalt altar of Yredelemnul.
  4390 | D:7      | XOM: noise
  4398 | D:7      | Noticed an unseen horror
  4399 | D:7      | XOM: cast spell 'Call Canine Familiar'
  4402 | D:7      | Found a staircase to the Ecumenical Temple.
  4409 | D:7      | Noticed Maggie
  4411 | D:7      | XOM: smoke on damage
  4418 | D:7      | XOM: blink monster(s)
  4419 | D:7      | Killed an unseen horror
  4424 | D:7      | Noticed Maggie
  4424 | D:7      | Maggie changed into Maggie the meliai
  4424 | D:7      | XOM: polymorph Maggie -> Maggie the meliai
  4430 | D:7      | Killed Maggie the meliai
  4439 | D:7      | XOM: god gift: large ruby ring {god gift}
  4520 | D:7      | Noticed Joseph
  4526 | D:7      | XOM: destruction
  4530 | D:7      | XOM: confuse monster(s)
  4543 | D:7      | XOM: fog
  4557 | D:7      | Killed Joseph
  4558 | D:7      | Reached skill level 9 in Spellcasting
  4735 | D:7      | XOM: 6-stop teleportation journey
  4800 | D:7      | Glimpsed the power of Zot.
  4850 | D:7      | Glimpsed the power of Zot.
  4913 | D:8      | XOM: cast spell 'Metabolic Englaciation'
  4917 | D:8      | Reached skill level 5 in Dodging
  4917 | D:8      | Reached XP level 11. HP: 80/80 MP: 18/25
  4918 | D:8      | XOM: give mutation
  4918 | D:8      | Gained mutation: You are somewhat resistant to further
                  | mutation. [Xom's grace]
  4946 | D:8      | XOM: polymorph centaur -> killer bee
  5085 | D:8      | Noticed a two-headed ogre
  5097 | D:8      | Killed a two-headed ogre
  5098 | D:8      | Reached skill level 5 in Conjurations
  5344 | D:9      | XOM: cleaving
  5543 | D:9      | XOM: potion effect (brilliance)
  5560 | D:9      | Slain by a yak

Illustrated notes

Levels and vault maps discovered:
D:1:      amcnicky_arrival_gap_in_the_tavern_cellar, layout_basic,
          chequers_ecumenical_altar_simple, serial_shops,
          nicolae_shop_waterfront
D:2:      layout_rooms, nicolae_shop_vocational
D:3:      layout_rooms, led_sif_pool, kennysheep_okawaru_gauntlet,
          nicolae_elyvilon_peaceful_grove, nicolae_kikubaaqudgha_miasma_corner,
          grunt_decor_cap, kennysheep_generic_room_13
D:4:      layout_basic, chequers_temple_overflow_statue_of_worship,
          mainiacjoe_overflow_concentric_impassable, serial_shops, shop
D:5:      layout_layer_cave, cheibrodos_sewer_entry_drain, serial_bayou_lagoon_b
D:6:      layout_basic, nicolae_overflow_hidden_temple, serial_shops, shop,
          shop_statue, uniq_pikel, uniq_grinder, uniq_edmund,
          uniq_prince_ribbit1
D:7:      minmay_razor_zed, layout_rooms, dk_yredelemnul_ordeal,
          minmay_temple_entry_hall, enter_ossuary_4,
          chequers_serial_rivers_room_b, uniq_joseph, uniq_maggie
D:8:      layout_basic
D:9:      layout_stronghold, bloody_trog, erik_orc_4, corner_web_ring,
          grunt_ministairs_10

Skill      XL: |  1  2  3  4  5  6  7  8  9 10 11 |
---------------+----------------------------------+-----
Spellcasting   | 3 4 5 7 8 9 |  9.6
Fire Magic     | 4 5 6 7 8 |  8.4
Armour         | 1 2 3 4 |  4.6
Dodging        | 3 4 5 |  5.3
Evocations     | 1 2 3 4 |  4.5
Conjurations   | 2 3 4 5 |  5.2
Throwing       | 1 2 3 4 |  4.7
Hexes          | 1 2 3 4 |  4.3
Stealth        | 2 3 4 |  4.0
Fighting       | 1 2 |  2.9
Polearms       | 1 3 |  3.9
Translocations | 1 3 |  3.4
Air Magic      | 2 3 |  3.1
Poison Magic   | 2 |  2.7

Action                   |  1- 3 |  4- 6 |  7- 9 | 10-12 || total
-------------------------+-------+-------+-------+-------++-------
Melee: Unarmed           |       |     1 |     2 |       ||     3
       Spear             |       |       |    72 |    76 ||   148
Throw: Dart              |    24 |    15 |    11 |     5 ||    55
       Javelin           |     4 |     6 |       |       ||    10
 Cast: Foxfire           |     7 |    10 |    19 |    15 ||    51
       Scorch            |    23 |    33 |    82 |    59 ||   197
       Inner Flame       |       |     2 |     2 |     5 ||     9
       Tukima's Dance    |       |     1 |     2 |     1 ||     4
       Flame Wave        |       |       |     7 |    10 ||    17
Evoke: Wand              |       |    13 |     3 |     9 ||    25
       Piece from Xom's  |       |       |     6 |     9 ||    15
  Use: Scroll            |     3 |     3 |     5 |     5 ||    16
       Potion            |       |     2 |     4 |     4 ||    10
 Stab: Petrified         |       |       |     3 |     8 ||    11
       Paralysed         |       |       |     2 |     6 ||     8
       Petrifying        |       |       |     1 |     1 ||     2
       Sleeping          |       |       |       |     1 ||     1
Armor: Robe              |    10 |    14 |    49 |    19 ||    92
Dodge: Dodged            |    18 |    32 |   148 |   113 ||   311
